Cogmind - Beta 13 @@@ ROGUE MODE // 2024.04.16 @ 16:30:43 Player: Conlarando Result: Destroyed by G-47 Trooper with Particle Gun Performance ------------- Evolutions (0) 0 Regions Visited (2) 400 Robots Destroyed (27) 135 Value Destroyed (450) 450 Prototype IDs (2) 40 Alien Tech Used (0) 0 Bonus (0) 0 TOTAL SCORE: 1025 Bonus ------- None Cogmind --------- Core Integrity 0/250 Matter 258/300 Energy 88/250 System Corruption 0% Temperature Cool (9) Movement Treading (240) Ox1 Location -10/Mines Parts ------- > --- POWER (1) -------- Ion Engine > --- PROPULSION (2) --- Light Treads Light Treads > --- UTILITY (2) ------ High-capacity Storage Unit Targeting Computer > --- WEAPON (2) ------- Assault Rifle Light Assault Rifle > --- INVENTORY (20) --- Light Ion Engine Flight Unit Flight Unit Flight Unit Flight Unit Weight Redist. System Sensor Array Signal Interpreter Seismic Detector Targeting Computer Targeting Computer ECM Suite ECM Suite Propulsion Shielding Hacking Suite Hacking Suite Peak State ------------ > --- POWER ------------ Ion Engine > --- PROPULSION ------- Light Treads Light Treads > --- UTILITY ---------- High-capacity Storage Unit Targeting Computer > --- WEAPON ----------- Light Assault Rifle Light Assault Rifle > --- INVENTORY -------- Light Ion Engine Light Treads Flight Unit Flight Unit Flight Unit Flight Unit Weight Redist. System Sensor Array Signal Interpreter Seismic Detector Targeting Computer Targeting Computer ECM Suite ECM Suite Propulsion Shielding Hacking Suite Assault Rifle [Rating: 9] Favorites ----------- Power Ion Engine Engine Ion Engine Propulsion Light Treads Treads Light Treads Utility High-capacity Storage Unit Device Seismic Detector Storage High-capacity Storage Unit Processor Targeting Computer Weapon Light Assault Rifle Energy Gun Medium Laser Ballistic Gun Light Assault Rifle Ballistic Cannon Light Cannon Build | -11 -10 -10 ------- Run | Yrd Mat Min Slots Evolved . | . . . Power . | . . . Propulsion . | . . . Utility . | . . . Weapon . | . . . Parts Attached 27 | 7 16 4 Power 5 | 2 2 1 Engine 5 | 2 2 1 Core . | . . . Reactor . | . . . Propulsion 4 | 2 . 2 Treads 4 | 2 . 2 Leg . | . . . Wheel . | . . . Hover . | . . . Flight . | . . . Utility 6 | 1 5 . Device 1 | . 1 . Storage 2 | 1 1 . Processor 3 | . 3 . Hackware . | . . . Protection . | . . . Artifact . | . . . Weapon 12 | 2 9 1 Energy Gun 4 | 1 3 . Energy Cannon . | . . . Ballistic Gun 6 | 1 4 1 Ballistic Cannon 2 | . 2 . Launcher . | . . . Special Weapon . | . . . Impact Weapon . | . . . Slashing Weapon . | . . . Piercing Weapon . | . . . Special Melee Weapon . | . . . Unidentified Prototypes . | . . . Parts Lost 5 | . 1 4 Power 2 | . 1 1 Propulsion 2 | . . 2 Utility . | . . . Weapon 1 | . . 1 Highest Loss Streak 4 | . 1 4 To Critical Strikes . | . . . Average Slot Usage (%) 99 | . 99 85 Engine 13 | . 13 14 Treads 28 | . 28 28 Storage 14 | . 14 14 Processor 13 | . 13 14 Energy Gun 1 | . 1 . Ballistic Gun 24 | . 24 14 Ballistic Cannon 1 | . 1 . Naked Turns . | . . . Heaviest Build 47 | 13 47 47 Greatest Support 40 | 40 40 40 Greatest Overweight (x) 2 | . 1 2 Average Overweight (x) . | . . 1 Largest Inventory Capacity 20 | 8 20 20 Average Capacity 16 | 7 16 20 Most Carried 20 | 2 20 20 Average Carried 12 | 1 12 18 Final Capacity 20 | 8 20 20 Final Carried 20 | 2 20 16 Class Distribution -------------------- 100% | Mutant Dominant Class ---------------- Mutant | -10/Materials Mutant | -10/Mines Resources | -11 -10 -10 ----------- Run | Yrd Mat Min Matter Collected 621 | 200 421 . Remotely . | . . . Salvage Created 655 | . 655 . Parts 57 | . 57 . Haulers Intercepted 2 | . 2 . Recyclers Shooed . | . . . Parts Field Recycled . | . . . Retrieved Matter . | . . . Parts Self-Destructed . | . . . Prevented . | . . . Kills | -11 -10 -10 ------- Run | Yrd Mat Min Combat Hostiles Destroyed 16 | . 16 . Guns 10 | . 10 . Cannons 6 | . 6 . Classes Destroyed 7 | . 7 . Worker 1 | . 1 . Builder 1 | . 1 . Hauler 2 | . 2 . Operator 4 | . 4 . Watcher 3 | . 3 . Swarmer 9 | . 9 . Grunt 7 | . 7 . Best Kill Streak 7 | . 7 . Combat Bots Only 6 | . 6 . Max Kills in Single Turn 2 | . 2 . Gunslinging . | . . . Exploded . | . . . Melee . | . . . Uniques/NPCs Destroyed . | . . . Combat | -11 -10 -10 -------- Run | Yrd Mat Min Hostile Shots Fired 154 | . 94 60 Missed 43 | . 26 17 Damage Taken 1135 | . 665 470 Core 251 | . 108 143 Absorbed by Shields . | . . . Core Remaining (%) 100 | 100 . . Volleys Fired 76 | . 73 3 Largest 2 | . 2 2 Hottest 85 | . 85 40 Shots Fired 152 | . 146 6 Gun 127 | . 121 6 Cannon 25 | . 25 . Launcher . | . . . Special . | . . . Kinetic 127 | . 121 6 Thermal 16 | . 16 . Explosive . | . . . Electromagnetic 9 | . 9 . Robot Hit Streak 11 | . 11 4 Robot Miss Streak 4 | . 4 3 Penetration Max . | . . . Secondary Targets . | . . . Shots Hit Robots 92 | . 89 3 Core Hits 43 | . 42 1 Critical Kills . | . . . Critical Parts Destroyed 1 | . 1 . Critical Strikes 4 | . 4 . Burn 2 | . 2 . Destroy 1 | . 1 . Blast 1 | . 1 . Melee Attacks . | . . . Impact . | . . . Slashing . | . . . Piercing . | . . . Sneak Attacks . | . . . Combat Hostiles . | . . . Follow-up Attacks . | . . . Damage Inflicted 1019 | . 967 52 Guns 775 | . 723 52 Cannons 244 | . 244 . Explosions . | . . . Melee . | . . . Ramming . | . . . Kinetic 802 | . 750 52 Thermal 115 | . 115 . Explosive . | . . . Electromagnetic 102 | . 102 . Impact . | . . . Slashing . | . . . Piercing . | . . . Highest Corruption . | . . . Average Corruption . | . . . Corruption Purged . | . . . Corruption Blocked . | . . . Overload Shots . | . . . Overflow Damage . | . . . Projectiles . | . . . Explosions . | . . . Melee . | . . . Knockbacks 5 | . 5 . Impact . | . . . Kinetic 3 | . 3 . Secondary 2 | . 2 . Self-Inflicted Damage . | . . . Shots . | . . . Rammed 1 | . 1 . Targets Rammed 1 | . 1 . Kicked . | . . . Crushed . | . . . Highest Temperature 210 | . 210 15 Average Temperature 71 | . 72 9 Received Heat Transfer 408 | . 246 162 Siege Activations . | . . . Robots Corrupted . | . . . Combat Hostiles . | . . . Parts Fried 1 | . 1 . Impact Corruptions . | . . . Robots Melted . | . . . Combat Hostiles . | . . . Parts Melted . | . . . Heat Transferred 481 | . 481 . Parts Sabotaged . | . . . Parts Stolen . | . . . Parts Stripped . | . . . Power Chain Reactions . | . . . Alert | -11 -10 -10 ------- Run | Yrd Mat Min Peak Influence 250 | . 250 15 Initial 15 | . . 15 Average 39 | . 40 . Maximum Alert Level 1 | . 1 . Low Security (%) 96 | 100 96 100 Level 1 3 | . 3 . Level 2 . | . . . Level 3 . | . . . Level 4 . | . . . Level 5 . | . . . High Security . | . . . Max Security . | . . . Squads Dispatched 5 | . 5 . Investigation 1 | . 1 . Extermination . | . . . Reinforcement 4 | . 4 . Assault . | . . . Garrison . | . . . Intercept . | . . . Searches Triggered . | . . . Construction Impeded . | . . . Haulers Reinforced . | . . . Active Scanning Responses . | . . . Cargo Convoy Interrupts . | . . . Stealth | -11 -10 -10 --------- Run | Yrd Mat Min Distress Signals 2 | . 2 . Communications Jammed . | . . . Distress Signals . | . . . Times Spotted 36 | . 31 5 Peak Tracking Total 8 | . 8 5 Tactical Retreats . | . . . Traps | -11 -10 -10 ------- Run | Yrd Mat Min Traps Triggered . | . . . Indirectly . | . . . Trap Hack Attempts . | . . . Triggered . | . . . Disarmed . | . . . Reprogrammed . | . . . Reused . | . . . Traps Extracted . | . . . Installed . | . . . Triggered . | . . . Machines | -11 -10 -10 ---------- Run | Yrd Mat Min Machines Disabled . | . . . Max in Single Turn . | . . . Machines Repaired . | . . . Machines Dismantled . | . . . Machines Sabotaged . | . . . Overloaded Fab Kills . | . . . Hacking | -11 -10 -10 --------- Run | Yrd Mat Min Machines Accessed 4 | . 4 . Terminals 2 | . 2 . Fabricators . | . . . Repair Stations . | . . . Recycling Units 2 | . 2 . Scanalyzers . | . . . Garrison Access . | . . . Total Hacks 9 | . 9 . Successful 4 | . 4 . Failed 5 | . 5 . Catastrophic 1 | . 1 . Database Lockouts . | . . . Manual . | . . . Terminals 3 | . 3 . Fabricators . | . . . Repair Stations . | . . . Recycling Units 6 | . 6 . Scanalyzers . | . . . Garrison Access . | . . . Terminal Hacks 1 | . 1 . Prototype ID Bank 1 | . 1 . Fabricator Hacks . | . . . Repair Station Hacks . | . . . Recycling Unit Hacks 3 | . 3 . Report Inventory 1 | . 1 . Retrieve Components 2 | . 2 . Scanalyzer . | . . . Garrison Access Hacks . | . . . Unauthorized Hacks . | . . . Terminals . | . . . Fabricators . | . . . Repair Stations . | . . . Recycling Units . | . . . Scanalyzers . | . . . Garrison Access . | . . . Data Cores Recovered . | . . . Used . | . . . Hacking Detections 3 | . 3 . Full Trace Events 2 | . 2 . Feedback Events . | . . . Feedback Blocked . | . . . Robot Schematics Acquired . | . . . Robots Built . | . . . Authchips . | . . . Time . | . . . Total Robot Build Rating . | . . . Part Schematics Acquired . | . . . Parts Built . | . . . Authchips . | . . . Time . | . . . Total Part Build Rating . | . . . Parts Repaired . | . . . Time . | . . . Parts Recycled . | . . . Recycled Matter . | . . . Retrieved Matter . | . . . Retrieved Components 13 | . 13 . Parts Scanalyzed . | . . . Part Schematics Acquired . | . . . Parts Damaged . | . . . Bothacking | -11 -10 -10 ------------ Run | Yrd Mat Min Used RIF Installer . | . . . Robots Hacked . | . . . Non-combat . | . . . Combat . | . . . Robot Hacks Applied . | . . . Relay Couplers Released . | . . . Fabnet Peak Effective % . | . . . Robots Rewired . | . . . Allies Hacked . | . . . Hacks Repelled . | . . . Allies | -11 -10 -10 -------- Run | Yrd Mat Min Total Allies . | . . . Largest Group . | . . . Highest-Rated Group . | . . . Highest-Rated Ally . | . . . Total Orders . | . . . Ally Attacks . | . . . Total Damage . | . . . Kills . | . . . Allies Corrupted . | . . . Allies Melted . | . . . Intel | -11 -10 -10 ------- Run | Yrd Mat Min Robot Analysis Total . | . . . Derelict Logs Recovered . | . . . Drone Launches . | . . . Drone Recoveries . | . . . Exploration | -11 -10 -10 ------------- Run | Yrd Mat Min Turns Passed 3797 | 114 3659 24 Spaces Moved 1497 | 65 1427 5 Core 6 | 6 . . Treads 1491 | 59 1427 5 Legs . | . . . Wheels . | . . . Hover . | . . . Flight . | . . . Fastest Speed 50 | 50 160 240 Average Speed 212 | 149 215 272 Slowest Speed 320 | 160 240 320 Overloaded Moves . | . . . Propulsion Burnouts . | . . . Robots Hopped . | . . . Cave-ins Triggered . | . . . Exploration Rate (%) 35 | 5 97 4 Regions Visited 2 Branch Regions 1 Pre-discovered Areas . | . . . Known Exits Taken 1 | . 1 . Unknown Exits Taken 1 | 1 . . Scrap Searched . | . . . Spaces Dug . | . . . Terrain Destroyed . | . . . Melee . | . . . Projectile . | . . . AOE . | . . . Terrain Rammed . | . . . Walls Destroyed . | . . . Machines Disabled . | . . . Actions | -11 -10 -10 --------- Run | Yrd Mat Min Total 1972 | 78 1882 12 Wait 343 | 6 337 . Move 1495 | 64 1426 5 Hop . | . . . Pick Up 23 | 1 22 . Fast Attach 9 | 6 3 . Attach 6 | . 2 4 Detach 1 | . 1 . Swap 12 | 1 11 . Drop 6 | . 6 . Fire 76 | . 73 3 Melee . | . . . Ram . | . . . Kick . | . . . Crush 1 | . 1 . Escape Stasis . | . . . Rewire . | . . . Trap . | . . . Miscellaneous . | . . . Route ------- -11/Scrapyard -10/Materials (discovered 6 exits: *Mat x3 / *Min x2 / *Sub) -10/Mines History --------- Turn | Location | Event 11 | -11/Scrapyard | Discovered new exit (range 15) 115 | -11/Scrapyard | Entered Materials 305 | -10/Materials | Build established: Mutant 444 | -10/Materials | Discovered new exit (range 15) 496 | -10/Materials | Identified exit to Materials 1050 | -10/Materials | Discovered new exit (range 11) 1120 | -10/Materials | Identified exit to Mines 1666 | -10/Materials | Discovered new exit (range 8) 1678 | -10/Materials | Identified exit to Subcaves 2038 | -10/Materials | Discovered exit to Mines (range 15) 2433 | -10/Materials | Discovered exit to Materials (range 7) 2950 | -10/Materials | Discovered exit to Materials (range 16) 3774 | -10/Materials | Entered Mines 3779 | -10/Mines | Core integrity fell below 50% 3789 | -10/Mines | Core integrity fell below 20% 3798 | -10/Mines | Destroyed by G-47 Trooper with Particle Gun Last Messages --------------- 03384_ Acquired 37 matter. 03387_ K-01 Serf collects debris. 03395_ R-06 Scavenger inserts Med. Storage Unit into recycling unit. 03396_ Dropped Lgt. Ion Engine. 03396_ Acquired Lgt. Ion Engine. 03398_ R-06 Scavenger inserts Hover Unit into recycling unit. 03404_ R-06 Scavenger inserts Sml. Laser into recycling unit. 03410_ R-06 Scavenger collects Aluminum Leg. 03421_ R-06 Scavenger collects Heat Sink. 03668_ K-01 Serf cleans the Terminal. LOCATION=MINES GOAL=ESCAPE 03775_ Lgt. Treads destroyed. 03776_ Lgt. Assault Rifle destroyed. 03782_ Lgt. Treads destroyed. 03796_ Ion Engine destroyed. Map ----- +----------------------------------------------------+ | ?????????????????????????????????????????????????? | | ?????????????????????????????????????????????????? | | ?????????????????????????????????????????????????? | | ?????????????????????????????????????????????????? | | ?????????????????????????????????????????????????? | | ?????????????????????????????????????????????????? | | ?????????????????????????????????????????????????? | | ?????????????????????????????????????????????????? | | ?????????????????????????????????????????????????? | | ?????????????????????????????????????????????????? | | ?????????????????????????????????????????????????? | | ?????????????????????????????????????????????????? | | ?????????????????????????????????????????????????? | | ?????????????????????????????????????????????????? | | ?????????????????????????????????????????????????? | | ?????????????????????????????????????????????????? | | ?????????????????????????????????????????????????? | | ?????????????????????????????????????????????????? | | ?????????????????????????????????????????????????? | | ?????????????????????####????????????????????????? | | ??????????? ???????# ##???????????????????????? | | ??????????# ##### s#####???????????????????? | | ?????????? gs #???????????????????? | | ?????????? gs #???????????????????? | | ??????????### #### # ##???????????????????? | | ????????????# ?????# ##@ ##????????????????????? | | ????????????# ???????# ?####?????????????????????? | | ?????????????????????# ??????????????????????????? | | ?????????????????????# ??????????????????????????? | | ?????????????????????# ??????????????????????????? | | ?????????????????????#???????????????????????????? | | ?????????????????????????????????????????????????? | | ?????????????????????????????????????????????????? | | ?????????????????????????????????????????????????? | | ?????????????????????????????????????????????????? | | ?????????????????????????????????????????????????? | | | | | | | | | | | | | | | | | | | | | | | | | | | | | +----------------------------------------------------+ Best States ------------- Heat Dissipation 25 Energy Generation 10 Energy Capacity 250 Matter Stores 300 Matter Capacity 300 Sight Range 16 Terrain Scan Density 10 Evasion (%) 40 Targeting Accuracy 5 Recoil Reduction 2 Item Schematics ----------------- None Robot Schematics ------------------ None Fabricated ------------ Nothing Alien Tech Used ----------------- None Achievements -------------- None Challenges ------------ None Game ------ Seed GatlingMultinovaAnalyzer Manual? 0 Play Time 00:15:35 Cumulative 7.5 hours Start 2024.04.16 @ 16:13:32 End 2024.04.16 @ 16:30:43 Sessions 1 Manual Loads 0 Difficulty Rogue Special Mode None Game No. 14 Rogue 14 Adventurer 0 Explorer 0 Win Type - Total 0 Types 0/0/0/0/0/0/0/0/0 Lore% 4 Gallery% 15 Achievement% 13 Wizard Run 0 Options --------- Layout 1 ASCII 0 Keyboard 0 Movement Mouse Keybinds 0 Fullscreen 1 Font 24/Terminus Map View 50x35 Zoom Use 0% Tactical HUD 1 Map Filters NONE Filters NONE Steam 1 RUN: 46431e39-167d-4a98-8b71-9b8e950bb1cf